[Event "Titled Tuesday Blitz April 18 Late 2023"]
[White "Rasulov, Vugar"]
[Black "Xiong, Jeffery"]
[WhiteFideId "13402390"]
[BlackFideId "2047640"]
[WhiteElo "2509"]
[BlackElo "2726"]
[Result "1/2-1/2"]
[Round "06"]
[TimeControl "180+2"]
[Date "2023.04.18"]
[WhiteClock "0:00:11"]
[BlackClock "0:00:45"]

1. e4 e6 2. d4 d5 3. Nd2 c5 4. Ngf3 cxd4 5. exd5 Qxd5 6. Bc4 Qd7 7. O-O Nc6 8. Nb3 Nf6 9. Nbxd4 Nxd4 10. Nxd4 a6 11. Re1 Bc5 12. Be3 Qc7 13. c3 Bd6 14. Bf1 Bxh2+ 15. Kh1 Bd6 16. Nf5 Bf8 17. Bd4 Qf4 18. Qd3 Bd7 19. g3 Bc6+ 20. Bg2 Bxg2+ 21. Kxg2 Qc7 22. Bxf6 gxf6 23. Rad1 Rd8 24. Qf3 Qc6 25. Qxc6+ bxc6 26. Nd4 c5 27. Nc6 Rc8 28. Na5 h5 29. Rd3 f5 30. Red1 Be7 31. Rd7 h4 32. Nc4 hxg3 33. fxg3 Rg8 34. Kf3 Rd8 35. Rxd8+ Bxd8 36. Nd6+ Ke7 37. Nb7 Bc7 38. Nxc5 Rxg3+ 39. Kf2 Bf4 40. Rd7+ Ke8 41. Rd4 Be5 42. Rb4 a5 43. Rb5 Rh3 44. Nxe6 fxe6 45. Rxe5 Rh2+ 46. Kg3 Rxb2 47. Rxe6+ Kd7 48. Re5 Rxa2 49. Rxf5 a4 50. Kf3 Kc6 51. Ke3 Kb6 52. Kd3 a3 53. Rf1 Rb2 54. Ra1 a2 55. c4 Kc5 56. Kc3 Rh2 57. Kb3 Rh3+ 58. Kxa2 Kxc4 59. Rb1 Rh2+ 60. Rb2 Rh5 61. Rc2+ Kd3 62. Rb2 Kc3 63. Rb3+ Kc2 64. Rb2+ Kc1 65. Rb1+ Kd2 66. Rb2+ Kc3 67. Rb3+ Kc4 68. Rb2 Ra5+ 69. Kb1 Rb5 70. Rxb5 Kxb5 1/2-1/2


[Site "https://www.chess.com"]

[Event "Titled Tuesday Blitz April 18 Late 2023"]
[White "Deac, Bogdan-Daniel"]
[Black "Drygalov, Andrey"]
[WhiteFideId "1226380"]
[BlackFideId "24171735"]
[WhiteElo "2649"]
[BlackElo "2466"]
[Result "1-0"]
[Round "06"]
[TimeControl "180+2"]
[Date "2023.04.18"]
[WhiteClock "0:00:04"]
[BlackClock "0:00:02"]

1. d4 Nf6 2. c4 e6 3. Nc3 Bb4 4. e3 O-O 5. Bd3 d5 6. Nf3 c5 7. O-O cxd4 8. exd4 dxc4 9. Bxc4 b6 10. Bg5 Bb7 11. Qe2 Nbd7 12. Rac1 h6 13. Bh4 Bxc3 14. bxc3 Qc7 15. Nd2 Nd5 16. f3 Rac8 17. Rfe1 N7f6 18. Bg3 Qc6 19. Qd3 a6 20. Bb3 b5 21. c4 bxc4 22. Nxc4 Rfd8 23. Qd2 Qd7 24. h3 Qe7 25. Ne5 Qb4 26. Qxb4 Nxb4 27. Rxc8 Bxc8 28. Rc1 Nbd5 29. Nc6 Re8 30. Be5 Bd7 31. Na5 Rc8 32. Rc5 Kf8 33. Kf2 Ke7 34. g4 Bb5 35. Rxc8 Kd7 36. Ra8 Ke7 37. Ra7+ Ke8 38. Nb7 1-0


[Site "https://www.chess.com"]

[Event "Titled Tuesday Blitz April 18 Late 2023"]
[White "Leenhouts, Koen"]
[Black "Hakobyan, Aram"]
[WhiteFideId "1008439"]
[BlackFideId "13306677"]
[WhiteElo "2409"]
[BlackElo "2584"]
[Result "0-1"]
[Round "06"]
[TimeControl "180+2"]
[Date "2023.04.18"]
[WhiteClock "0:00:37"]
[BlackClock "0:01:06"]

1. c4 g6 2. Nc3 Bg7 3. e4 c5 4. g3 Nc6 5. Bg2 d6 6. Nge2 Nf6 7. O-O O-O 8. d3 Rb8 9. h3 a6 10. f4 Nd7 11. Be3 Nd4 12. a4 e6 13. Kh2 b6 14. b4 Nxe2 15. Nxe2 cxb4 16. Rb1 a5 17. d4 Ba6 18. Qb3 Rc8 19. Rbc1 Re8 20. Rfd1 Qe7 21. f5 exf5 22. Nf4 Nf6 23. e5 dxe5 24. dxe5 Ne4 25. Bxb6 Bxe5 26. Nd5 Qg5 27. Bxe4 fxe4 28. Bxa5 e3 29. Qxe3 Bxg3+ 30. Qxg3 Re2+ 0-1


[Site "https://www.chess.com"]

[Event "Titled Tuesday Blitz April 18 Late 2023"]
[White "Duda, Jan-Krzysztof"]
[Black "Costachi, Mihnea"]
[WhiteFideId "1170546"]
[BlackFideId "1217518"]
[WhiteElo "2790"]
[BlackElo "2456"]
[Result "1-0"]
[Round "06"]
[TimeControl "180+2"]
[Date "2023.04.18"]
[WhiteClock "0:00:29"]
[BlackClock "0:00:03"]

1. e4 e5 2. Nf3 Nc6 3. c3 Nf6 4. d4 Nxe4 5. d5 Ne7 6. Nxe5 Ng6 7. Nd3 Be7 8. g3 O-O 9. Bg2 Nf6 10. O-O d6 11. c4 Bg4 12. Qb3 Nd7 13. Nc3 Bf5 14. Be4 Bxe4 15. Nxe4 f5 16. Nc3 Rb8 17. Be3 Nde5 18. Nxe5 Nxe5 19. f4 Ng4 20. Bxa7 Ra8 21. Qxb7 Bf6 22. a4 Qe8 23. h3 Nh6 24. Rae1 Qh5 25. Kg2 g5 26. Re6 gxf4 27. Rxf6 Rxf6 28. Qxa8+ Rf8 29. Qc6 fxg3 30. Be3 f4 31. Rxf4 Nf5 32. Rg4+ Kh8 33. Bf4 Nh4+ 34. Kxg3 Nf5+ 35. Kh2 Nd4 36. Qxc7 Nf3+ 37. Kg3 1-0


[Site "https://www.chess.com"]

[Event "Titled Tuesday Blitz April 18 Late 2023"]
[White "Smirnov, Pavel"]
[Black "Bluebaum, Matthias"]
[WhiteFideId "4123425"]
[BlackFideId "24651516"]
[WhiteElo "2519"]
[BlackElo "2638"]
[Result "0-1"]
[Round "06"]
[TimeControl "180+2"]
[Date "2023.04.18"]
[WhiteClock "0:00:07"]
[BlackClock "0:00:26"]

1. d4 d5 2. c4 e6 3. Nf3 Nf6 4. g3 Nc6 5. Bg2 Bd6 6. O-O O-O 7. b3 dxc4 8. bxc4 e5 9. d5 Na5 10. Nfd2 c6 11. Nc3 cxd5 12. cxd5 Bd7 13. Bb2 Rc8 14. Nde4 Qb6 15. Rb1 Qa6 16. Nxf6+ gxf6 17. Ne4 Kg7 18. f4 Nc4 19. fxe5 fxe5 20. Nf6 Ba4 21. Qd3 Rh8 22. Qf5 Rc7 23. Nh5+ Kf8 24. Qg5 Rg8 25. Qh6+ Ke7 26. Rxf7+ Kd8 27. Qxh7 Rxf7 28. Qxg8+ Rf8 29. Qg6 Bc5+ 30. Kh1 Qxg6 0-1


[Site "https://www.chess.com"]

[Event "Titled Tuesday Blitz April 18 Late 2023"]
[White "Andreikin, Dmitry"]
[Black "Holt, Conrad"]
[WhiteFideId "4158814"]
[BlackFideId "2034387"]
[WhiteElo "2736"]
[BlackElo "2592"]
[Result "1-0"]
[Round "06"]
[TimeControl "180+2"]
[Date "2023.04.18"]
[WhiteClock "0:01:03"]
[BlackClock "0:00:22"]

1. d4 d5 2. c4 c6 3. Nc3 dxc4 4. Nf3 Nf6 5. g3 Nbd7 6. Bg2 g6 7. e4 Nb6 8. a4 a5 9. h3 Bg7 10. O-O O-O 11. Be3 Ne8 12. Qc2 Nd6 13. Rad1 Kh8 14. Rfe1 f5 15. Ne5 fxe4 16. Nxe4 Bf5 17. Bg5 Qc7 18. Qe2 Rae8 19. Nc5 Bc8 20. h4 Nf7 21. Bf4 Nxe5 22. Bxe5 Bxe5 23. dxe5 Rd8 24. h5 g5 25. h6 Bf5 26. Qe3 Rxd1 27. Rxd1 Bg6 28. Ne6 1-0


[Site "https://www.chess.com"]

[Event "Titled Tuesday Blitz April 18 Late 2023"]
[White "Gaehwiler, Gabriel"]
[Black "Sadhwani, Raunak"]
[WhiteFideId "1314530"]
[BlackFideId "35093487"]
[WhiteElo "2437"]
[BlackElo "2631"]
[Result "1-0"]
[Round "06"]
[TimeControl "180+2"]
[Date "2023.04.18"]
[WhiteClock "0:00:23"]
[BlackClock "0:00:08"]

1. d4 g6 2. Nf3 Bg7 3. c4 d6 4. g3 Nf6 5. Bg2 O-O 6. O-O c6 7. Nc3 Bf5 8. Re1 Ne4 9. Bd2 Nxc3 10. Bxc3 Be4 11. Nd2 Bxg2 12. Kxg2 d5 13. Qb3 Qd7 14. Rad1 a5 15. e4 a4 16. Qc2 e6 17. h4 b5 18. b3 Na6 19. h5 Rac8 20. hxg6 fxg6 21. Nf3 axb3 22. axb3 Qf7 23. Ng5 Qf6 24. f4 h6 25. e5 Qe7 26. Qxg6 hxg5 27. Rh1 Qe8 28. Qh7+ Kf7 29. fxg5 Rg8 30. Ra1 Ra8 31. Rxa6 Rxa6 32. Bb4 Ra2+ 33. Kf3 1-0


[Site "https://www.chess.com"]

[Event "Titled Tuesday Blitz April 18 Late 2023"]
[White "Djordjevic, Vuk"]
[Black "Svane, Frederik"]
[WhiteFideId "902098"]
[BlackFideId "12923044"]
[WhiteElo "2452"]
[BlackElo "2502"]
[Result "1-0"]
[Round "06"]
[TimeControl "180+2"]
[Date "2023.04.18"]
[WhiteClock "0:00:19"]
[BlackClock "0:00:14"]

1. d4 Nf6 2. Bg5 d5 3. Bxf6 exf6 4. e3 c5 5. Nc3 cxd4 6. Qxd4 Be6 7. Nh3 Nc6 8. Bb5 a6 9. Bxc6+ bxc6 10. Nf4 Rb8 11. Rb1 Bd6 12. a3 O-O 13. O-O Bf5 14. Nd3 Qc7 15. h3 Rfe8 16. Rfc1 a5 17. b4 Qe7 18. bxa5 Bxa3 19. Rxb8 Rxb8 20. Rb1 Ra8 21. Qb6 h6 22. Qxc6 Rc8 23. Qxd5 Rxc3 24. Qxf5 g6 25. Qf4 Rxc2 26. Qxh6 Bd6 27. Qh4 Ra2 28. Qc4 Rxa5 29. Nf4 Kg7 30. Rd1 Rc5 31. Qd4 Be5 32. Qa4 Qc7 33. Nd3 Rd5 34. Nxe5 Rxe5 35. Qd4 Rc5 36. g3 Rc2 37. Qe4 Qc3 38. Kg2 Qb2 39. Qf3 Qb5 40. h4 Qc5 41. Rd5 Qc4 42. h5 Rc1 43. Rd1 Rc2 44. Rh1 Qc6 45. e4 Rc4 46. Rh4 Qe6 47. hxg6 fxg6 48. Rg4 Rc7 49. Rf4 Re7 50. Qd3 Rd7 51. Qe3 Re7 52. Qf3 Rd7 53. Rg4 Re7 54. Qf5 Qf7 55. Qf4 Re5 56. Qf3 Qe6 57. Rf4 g5 58. Rf5 Rxe4 59. Rxf6 Qxf6 60. Qxe4 Kh6 61. Qe3 Kg6 62. Qe4+ Kh6 63. Kf1 Qa6+ 64. Ke1 Qa5+ 65. Ke2 Qa6+ 66. Ke3 Qb6+ 67. Qd4 Qe6+ 68. Kd3 Qf5+ 69. Kc4 Qe6+ 70. Kc5 Kh5 71. Kb4 Qe7+ 72. Kc3 Qe6 73. Kd3 Kg6 74. Qe4+ Kf6 75. Qxe6+ Kxe6 76. Ke4 Kf6 77. g4 Ke6 78. f3 Kf6 79. Kd5 Kf7 80. Ke5 Kg6 81. Ke6 Kg7 82. Kf5 Kh6 83. Kf6 Kh7 84. Kxg5 Kg7 85. Kf5 Kf7 86. g5 Ke7 87. g6 Kd6 88. g7 Kc5 89. g8=Q Kd4 90. Qe8 Kd3 91. Qe4+ Kc3 92. Ke5 Kd2 93. Kd5 Kc1 94. f4 Kb2 95. Qf3 Ka1 96. Kc4 Ka2 97. Qe2+ Ka3 98. Qf2 Ka4 99. Qa7# 1-0


[Site "https://www.chess.com"]

[Event "Titled Tuesday Blitz April 18 Late 2023"]
[White "Horvath, Dominik"]
[Black "Kramnik, Vladimir"]
[WhiteFideId "1642561"]
[BlackFideId "4101588"]
[WhiteElo "2407"]
[BlackElo "2712"]
[Result "0-1"]
[Round "06"]
[TimeControl "180+2"]
[Date "2023.04.18"]
[WhiteClock "0:00:18"]
[BlackClock "0:01:32"]

1. d4 Nf6 2. c4 e6 3. Nc3 d5 4. Nf3 c6 5. e3 Nbd7 6. Qc2 Bd6 7. Bd3 O-O 8. O-O dxc4 9. Bxc4 b5 10. Be2 Bb7 11. e4 e5 12. dxe5 Nxe5 13. Nd4 Neg4 14. g3 Bc5 15. Nf5 Nxf2 16. Rxf2 Bxf2+ 17. Kxf2 b4 18. e5 bxc3 19. exf6 Qxf6 20. Bf3 Rad8 21. bxc3 Ba6 22. Ne3 Bd3 23. Qb3 Be4 0-1


[Site "https://www.chess.com"]

[Event "Titled Tuesday Blitz April 18 Late 2023"]
[White "Bilych, Olexiy"]
[Black "Sjugirov, Sanan"]
[WhiteFideId "14156504"]
[BlackFideId "4189302"]
[WhiteElo "2320"]
[BlackElo "2569"]
[Result "1-0"]
[Round "06"]
[TimeControl "180+2"]
[Date "2023.04.18"]
[WhiteClock "0:00:14"]
[BlackClock "0:00:18"]

1. d4 Nf6 2. c4 e6 3. Nf3 Bb4+ 4. Nbd2 b6 5. a3 Bxd2+ 6. Bxd2 Bb7 7. Bg5 d6 8. e3 Nbd7 9. Be2 h6 10. Bh4 g5 11. Bg3 Ne4 12. O-O Qe7 13. Nd2 Nxg3 14. fxg3 O-O 15. Bd3 f5 16. g4 Nf6 17. gxf5 exf5 18. Qe2 Ng4 19. Rae1 Rae8 20. Rxf5 Rxf5 21. Bxf5 Qxe3+ 22. Qxe3 Rxe3 23. Be6+ Kg7 24. Rxe3 Nxe3 25. d5 b5 26. cxb5 Nxd5 27. Bxd5 Bxd5 28. Kf2 Kf6 29. g3 Ke5 30. Ke3 Be6 31. Nf3+ Kd5 32. Nd4 Bd7 33. Kd3 Be8 34. b4 Bg6+ 35. Kc3 Be8 36. a4 Bd7 37. Kd3 Be8 38. Kc3 h5 39. h4 gxh4 40. gxh4 Ke5 41. Nc6+ Bxc6 42. bxc6 Kd5 43. b5 Kc5 44. Kb3 a6 45. bxa6 Kxc6 46. a5 d5 47. Kb4 d4 48. Kc4 d3 49. Kxd3 Kb5 50. a7 Kb4 51. a8=Q c5 52. Qd5 c4+ 53. Qxc4+ Kxa5 54. Qd5+ Kb6 55. Qxh5 Ka7 56. Qg6 Kb8 57. h5 Ka7 58. h6 Kb8 59. h7 Ka7 60. h8=Q Kb7 61. Qhh7+ Kb8 62. Qgg8# 1-0


[Site "https://www.chess.com"]

[Event "Titled Tuesday Blitz April 18 Late 2023"]
[White "Manukyan, Sargis A."]
[Black "Ibrahimli, Murad"]
[WhiteFideId "13303970"]
[BlackFideId "13410229"]
[WhiteElo "2187"]
[BlackElo "2364"]
[Result "1-0"]
[Round "06"]
[TimeControl "180+2"]
[Date "2023.04.18"]
[WhiteClock "0:01:40"]
[BlackClock "0:01:32"]

1. d4 Nf6 2. c4 e6 3. Nc3 d5 4. cxd5 exd5 5. Bg5 Be7 6. e3 O-O 7. Bd3 Re8 8. Nf3 Bg4 9. Qc2 h6 10. Bf4 Bxf3 11. gxf3 c5 12. Rg1 Kh8 13. O-O-O cxd4 14. exd4 Nc6 15. Qd2 Ng8 16. Bb1 Bd6 17. Be3 Qf6 18. Qd3 g6 19. Nxd5 Qxf3 20. Rxg6 Qxd5 21. Rxd6 1-0


[Site "https://www.chess.com"]

[Event "Titled Tuesday Blitz April 18 Late 2023"]
[White "Tregubov, Pavel V."]
[Black "Paravyan, David"]
[WhiteFideId "4115341"]
[BlackFideId "4194985"]
[WhiteElo "2425"]
[BlackElo "2563"]
[Result "0-1"]
[Round "06"]
[TimeControl "180+2"]
[Date "2023.04.18"]
[WhiteClock "0:01:13"]
[BlackClock "0:01:46"]

1. e4 e5 2. Nf3 Nc6 3. Bb5 Nf6 4. d4 Nxd4 5. Nxd4 c6 6. Bc4 exd4 7. Qxd4 Qb6 8. Qe5+ Be7 9. O-O d6 10. Qg3 O-O 11. Bh6 Nh5 12. Qf3 gxh6 13. Qxh5 Qxb2 14. Nd2 Qe5 15. Qf3 Kh8 16. Rad1 b5 17. Bd3 Be6 18. a3 Rg8 19. h3 Rg7 20. Rfe1 Rag8 21. Bf1 Bd8 22. Qe3 Bb6 23. Qxh6 Rg6 24. Qh4 Qg7 0-1


[Site "https://www.chess.com"]

[Event "Titled Tuesday Blitz April 18 Late 2023"]
[White "Popovic, Dusan"]
[Black "Leiva, Gianmarco"]
[WhiteFideId "927031"]
[BlackFideId "3804399"]
[WhiteElo "2573"]
[BlackElo "2345"]
[Result "1/2-1/2"]
[Round "06"]
[TimeControl "180+2"]
[Date "2023.04.18"]
[WhiteClock "0:00:11"]
[BlackClock "0:00:07"]

1. g3 Nf6 2. Bg2 c6 3. d3 d5 4. Nf3 Bg4 5. O-O Nbd7 6. Nbd2 e5 7. h3 Bh5 8. e4 dxe4 9. dxe4 Qc7 10. Qe1 Bc5 11. Nb3 Bb6 12. a4 a5 13. Be3 O-O 14. Nfd2 Bxe3 15. Qxe3 Qb6 16. Qxb6 Nxb6 17. Nc5 Rab8 18. f3 Rfd8 19. Rfd1 Nfd7 20. Ndb3 Nxc5 21. Nxc5 Nc4 22. Nxb7 Rxd1+ 23. Rxd1 Nxb2 24. Rd6 f6 25. Nxa5 Nxa4 26. Nxc6 Rb2 27. Ne7+ Kf8 28. Nf5 Nc5 29. Rd8+ Kf7 30. Rc8 Rxc2 31. Rc7+ Kf8 32. Nxg7 Bf7 33. Nf5 Rc1+ 34. Kh2 Nd3 35. Rd7 Ne1 36. Rd2 Rc2 37. Rxc2 Nxc2 38. Bf1 Be6 39. Nh4 Nd4 40. Kg2 Kg7 41. Kf2 Kh6 42. f4 Kh5 43. Nf3 Nxf3 44. Kxf3 Kg6 45. h4 Bd7 46. Be2 h5 47. Ke3 Bc6 48. Bd1 Bb7 49. Bf3 Bc6 50. Kd3 Kh6 51. fxe5 fxe5 52. Kc4 Kg6 53. Kc5 Be8 54. Kd6 Kf6 55. g4 hxg4 56. Bxg4 Bg6 57. Bf3 Be8 58. Kd5 Bf7+ 59. Kc5 Bg6 60. Kc4 Bf7+ 61. Kd3 Be6 62. Ke3 Bd7 63. Bh5 Be6 64. Kf3 Bb3 65. Be8 Bd1+ 66. Kg3 Bc2 67. Bc6 Bd1 68. Kf2 Bh5 69. Ke3 Bg4 70. Be8 Bd1 71. Bd7 Ke7 72. Bh3 Kf6 73. Bg2 Bb3 74. Bf3 Be6 75. Kf2 Bc4 76. Kg3 Be6 77. Bg4 Bb3 78. Bf5 Bd1 79. Kh3 Be2 80. Kg2 Bd1 81. Kf2 Bc2 82. Ke3 Bd1 83. Kd2 Bf3 84. Kc3 Be2 85. Kd2 Bb5 86. Ke3 Ba4 87. Bg4 Bc2 88. Be2 Ba4 89. Kf3 Bc6 90. Bd3 Bd7 91. Kg3 Be6 92. Be2 Bd7 93. Bg4 Ba4 94. Bf5 Bd1 95. Kf2 Bc2 96. Ke3 Bb3 97. Kd2 Ba4 98. Kc3 Bb5 99. Kb4 Bd3 100. Kc5 Bc2 101. Kd6 Bd1 102. Kd7 Ba4+ 103. Kd8 Bb5 104. Bd7 Bd3 105. Bc6 Kg6 106. Be8+ 1/2-1/2


[Site "https://www.chess.com"]

[Event "Titled Tuesday Blitz April 18 Late 2023"]
[White "Pichot, Alan"]
[Black "Sabuk, Piotr"]
[WhiteFideId "110973"]
[BlackFideId "1137565"]
[WhiteElo "2573"]
[BlackElo "2298"]
[Result "1/2-1/2"]
[Round "06"]
[TimeControl "180+2"]
[Date "2023.04.18"]
[WhiteClock "0:00:10"]
[BlackClock "0:00:07"]

1. e4 e5 2. Nf3 Nc6 3. Bb5 a6 4. Ba4 Nf6 5. O-O Be7 6. Re1 b5 7. Bb3 d6 8. c3 O-O 9. h3 Re8 10. Ng5 Rf8 11. Nf3 Re8 12. d4 Bb7 13. Ng5 Rf8 14. Nf3 Re8 15. Nbd2 Bf8 16. a3 h6 17. Bc2 Nb8 18. b3 Nbd7 19. Bb2 g6 20. a4 Bg7 21. Bd3 c6 22. Qc2 Nh5 23. Bf1 Nf4 24. b4 Qc7 25. dxe5 dxe5 26. c4 bxa4 27. Rxa4 c5 28. b5 Nb6 29. Ra3 axb5 30. cxb5 Ne6 31. Rc1 Rxa3 32. Bxa3 Rc8 33. Qb3 h5 34. Bb2 Nd4 35. Bxd4 exd4 36. Nc4 Bh6 37. Re1 Re8 38. Nxb6 Qxb6 39. Bc4 Rxe4 40. Rxe4 Bxe4 41. Bxf7+ Kg7 42. Bd5 Bf5 43. Qa4 Bf4 44. Qa8 Qb8 45. Qc6 Qd6 46. Qxd6 Bxd6 47. Nd2 Bc7 48. Nc4 Kf6 49. b6 Bb8 50. Na5 d3 51. Nc6 d2 52. Bf3 Bf4 53. g3 Bd6 54. Na5 Bxh3 55. Nc4 Bb8 56. Nxd2 Be6 57. Ne4+ Ke5 58. Nxc5 Bd5 59. Nd7+ Kd6 60. Bxd5 Kxd7 61. Bf7 g5 62. Bxh5 Kc6 63. Kg2 Kxb6 64. Kf3 Kc6 65. Kg4 Ba7 66. f3 Bf2 67. Kh3 Kd6 68. Bg6 Be1 69. Be4 Ke5 70. Kg4 Kf6 71. Bc2 Bd2 72. Bd3 Be1 73. Ba6 Bd2 74. Bc8 Bc1 75. Bf5 Bd2 76. Bd3 Be1 77. f4 gxf4 78. gxf4 Bd2 1/2-1/2


[Site "https://www.chess.com"]

[Event "Titled Tuesday Blitz April 18 Late 2023"]
[White "Karacsonyi, Gellert"]
[Black "Klenburg, Michael"]
[WhiteFideId "764620"]
[BlackFideId "14102072"]
[WhiteElo "2308"]
[BlackElo "2396"]
[Result "1/2-1/2"]
[Round "06"]
[TimeControl "180+2"]
[Date "2023.04.18"]
[WhiteClock "0:00:18"]
[BlackClock "0:00:27"]

1. e4 d6 2. d4 Nf6 3. Nc3 e5 4. Nf3 Nbd7 5. Bc4 Be7 6. a4 O-O 7. O-O c6 8. Re1 b6 9. d5 c5 10. h3 a6 11. Qe2 Ne8 12. Nh2 Nc7 13. Be3 Bg5 14. Nf3 Bxe3 15. fxe3 Re8 16. Rf1 Nf8 17. Rf2 Ng6 18. Raf1 Bd7 19. Nh2 Rf8 20. Qh5 b5 21. axb5 axb5 22. Be2 b4 23. Nd1 Qh4 24. Qxh4 Nxh4 25. Bg4 Bb5 26. Be2 Bxe2 27. Rxe2 Ra1 28. Nf3 Ng6 29. h4 h6 30. b3 Nb5 31. h5 Ne7 32. Nd2 Rfa8 33. Nc4 Nc8 34. Ref2 f6 35. Kh2 Na3 36. Nxa3 R8xa3 37. Nb2 Rxf1 38. Rxf1 Ra2 39. Rb1 Kf7 40. Kg3 Nb6 41. Kf3 Ke7 42. g4 Kd7 43. Ke2 Ke7 44. Kd3 Kd7 45. Ke2 Ke7 46. Kd3 Kd7 47. Ke2 1/2-1/2


[Site "https://www.chess.com"]

[Event "Titled Tuesday Blitz April 18 Late 2023"]
[White "Fiorito, Francisco"]
[Black "Rustemov, Alexander"]
[WhiteFideId "180165"]
[BlackFideId "4119002"]
[WhiteElo "2341"]
[BlackElo "2864"]
[Result "0-1"]
[Round "06"]
[TimeControl "180+2"]
[Date "2023.04.18"]
[WhiteClock "0:02:04"]
[BlackClock "0:00:58"]

1. d4 g6 2. Nc3 d5 3. Bf4 Bg7 4. Nb5 Na6 5. e3 Nf6 6. h4 c6 7. Nc3 Nc7 8. Nf3 Bg4 9. Be2 O-O 10. Ne5 Bxe2 11. Qxe2 Ne6 12. Bh2 c5 13. O-O-O Rc8 14. Nb1 cxd4 15. exd4 Qa5 16. a3 Ne4 17. f3 Bh6+ 18. Nd2 Nxd2 19. Rxd2 Qxd2+ 20. Qxd2 Bxd2+ 21. Kxd2 Nxd4 22. c3 Nc6 23. Nd7 Rfd8 24. Nc5 b6 25. Nd3 f6 26. f4 d4 27. c4 Na5 28. Re1 Nxc4+ 29. Ke2 Ne3 30. Kf3 Kf7 31. Bg1 Rc2 32. Bxe3 dxe3 33. Rxe3 Rd2 34. Nb4 Rxb2 35. Nc6 Rd7 36. g4 Rbd2 37. Nb8 R7d3 38. Rxd3 Rxd3+ 39. Ke4 Rxa3 40. g5 a5 41. Nc6 b5 42. h5 gxh5 43. Kf5 e6+ 44. Ke4 fxg5 45. fxg5 h4 46. Ne5+ Kg7 47. g6 hxg6 48. Kf4 h3 49. Ng4 a4 50. Kg5 Rg3 51. Kh4 Rxg4+ 52. Kxh3 Rg5 53. Kh4 Kf6 0-1


[Site "https://www.chess.com"]

[Event "Titled Tuesday Blitz April 18 Late 2023"]
[White "liwadas82"]
[Black "Indjic, Aleksandar"]
[BlackFideId "911925"]
[WhiteElo "2548"]
[BlackElo "2614"]
[Result "0-1"]
[Round "06"]
[TimeControl "180+2"]
[Date "2023.04.18"]
[WhiteClock "0:00:04"]
[BlackClock "0:00:24"]

1. e4 e5 2. Nf3 Nc6 3. Bb5 Bc5 4. c3 Nf6 5. O-O O-O 6. d4 Bb6 7. Bg5 h6 8. Bh4 d6 9. Bxc6 bxc6 10. dxe5 dxe5 11. Qxd8 Rxd8 12. Nxe5 g5 13. Bg3 Nxe4 14. Nxc6 Re8 15. Na3 f5 16. Nc4 f4 17. Nxb6 axb6 18. f3 fxg3 19. fxe4 gxh2+ 20. Kxh2 Kg7 21. Rad1 Rxa2 22. Rd2 Rxe4 23. Nb4 Ra5 24. Rd8 Be6 25. Re8 Bf5 26. Rd8 Rh4+ 27. Kg1 Be4 28. Rd7+ Kg6 29. Rdf7 Rg4 30. R7f6+ Kh5 31. R6f2 Rf5 32. Nc2 Rxf2 33. Rxf2 Bxc2 34. Rxc2 Rf4 35. Rd2 Kg4 36. Kh2 h5 37. Rd7 Rc4 38. Rg7 b5 39. Rd7 h4 40. Rd5 c6 41. Re5 Kf4 42. Re8 Re4 43. Rc8 Re6 44. Rf8+ Ke3 45. Rg8 Re5 46. Rg6 c5 47. Rb6 c4 48. Rd6 Ke4 49. Rd4+ Ke3 50. Kh3 Kf2 51. Rd6 Re3+ 52. Kh2 Re2 53. Rf6+ Ke1 54. Rf5 Rxb2 55. Rxg5 Kd2 56. Rg4 Kxc3 57. Rxh4 Kb3 58. Rf4 b4 59. Kh3 c3 60. g4 Rb1 61. g5 Rg1 62. Rf2 Rxg5 0-1


[Site "https://www.chess.com"]

[Event "Titled Tuesday Blitz April 18 Late 2023"]
[White "Naroditsky, Daniel"]
[Black "Rozman, Levy"]
[WhiteFideId "2026961"]
[BlackFideId "2039877"]
[WhiteElo "2633"]
[BlackElo "2376"]
[Result "1-0"]
[Round "06"]
[TimeControl "180+2"]
[Date "2023.04.18"]
[WhiteClock "0:00:24"]
[BlackClock "0:00:01"]

1. d4 d5 2. Nc3 Nf6 3. Bf4 e6 4. Nb5 Bb4+ 5. c3 Ba5 6. a4 a6 7. b4 Bb6 8. a5 axb5 9. axb6 Rxa1 10. Qxa1 Na6 11. bxc7 Qd7 12. e3 O-O 13. Nf3 Nxc7 14. Qa5 Nfe8 15. Bd3 f6 16. O-O Nd6 17. Qb6 Rd8 18. Ra1 Na6 19. Bxd6 Qxd6 20. Qxd6 Rxd6 21. Bxb5 Nc7 22. Bd3 Kf7 23. Kf1 Rc6 24. Ra3 h6 25. Ke2 Ke7 26. Kd2 Kd6 27. e4 g5 28. e5+ Ke7 29. exf6+ Kxf6 30. Ne5 Rb6 31. b5 Ke7 32. c4 dxc4 33. Bxc4 Bd7 34. Rh3 Bxb5 35. Rxh6 Bxc4 36. Rh7+ Kf6 37. Rf7# 1-0


[Site "https://www.chess.com"]

[Event "Titled Tuesday Blitz April 18 Late 2023"]
[White "Sarana, Alexey"]
[Black "Makridis, Dimitrios"]
[WhiteFideId "24133795"]
[BlackFideId "25864475"]
[WhiteElo "2714"]
[BlackElo "2277"]
[Result "0-1"]
[Round "06"]
[TimeControl "180+2"]
[Date "2023.04.18"]
[WhiteClock "0:00:01"]
[BlackClock "0:00:03"]

1. d4 Nf6 2. c4 e6 3. Nf3 d5 4. g3 h6 5. Bg2 Nc6 6. O-O Bd6 7. b3 O-O 8. Bb2 Re8 9. Nbd2 b6 10. e4 Nxe4 11. Nxe4 dxe4 12. Nh4 f5 13. f3 f4 14. fxe4 fxg3 15. Ng6 Qg5 16. e5 Bb7 17. exd6 gxh2+ 18. Kh1 Qxg6 19. dxc7 Rac8 20. d5 Ne7 21. Rf4 Nf5 22. Rg4 Qf7 23. Qd3 Rxc7 24. Rf1 Qh5 25. Bf3 Qh3 26. Be2 Qxd3 27. Bxd3 Ne3 28. Bg6 Rd8 29. Bf7+ Rxf7 30. Rxf7 Nxg4 31. Rxg7+ Kf8 32. Rxg4 exd5 33. Kxh2 dxc4 34. Ba3+ Kf7 35. Rxc4 Rd2+ 36. Kg3 Rxa2 37. Bc1 Bd5 38. Rc7+ Kg6 39. b4 h5 40. Rd7 Be6 41. Rd6 Kf5 42. Rc6 Bd5 43. Rc7 Rg2+ 44. Kh3 Rg1 45. Be3 Rh1+ 46. Kg3 h4+ 47. Kf2 Rh2+ 48. Ke1 h3 49. Rd7 Ke4 50. Re7+ Kd3 0-1


[Site "https://www.chess.com"]

[Event "Titled Tuesday Blitz April 18 Late 2023"]
[White "Thomforde-Toates, Noah"]
[Black "Pranav, V"]
[WhiteFideId "30951992"]
[BlackFideId "25060783"]
[WhiteElo "2750"]
[BlackElo "2500"]
[Result "0-1"]
[Round "06"]
[TimeControl "180+2"]
[Date "2023.04.18"]
[WhiteClock "0:00:36"]
[BlackClock "0:01:08"]

1. e4 g6 2. d4 Bg7 3. Nf3 d6 4. h3 Nf6 5. Nc3 a6 6. a4 b6 7. Bd3 Bb7 8. O-O Nbd7 9. Re1 e5 10. d5 O-O 11. a5 b5 12. Be3 c6 13. dxc6 Bxc6 14. b4 Re8 15. Qe2 Rc8 16. Rad1 Qc7 17. Nd2 Nf8 18. Na2 d5 19. Bb6 Qb7 20. Nc1 Ne6 21. Ncb3 Nf4 22. Qf3 Nd7 23. Nc5 Nxc5 24. Bxc5 Ne6 25. Bb6 d4 26. Nb3 Bf8 27. Nc5 Bxc5 28. bxc5 Qe7 29. Qg3 Nxc5 30. f4 exf4 31. Qxf4 Ne6 32. Qe5 f6 33. Qg3 Bb7 34. h4 Ng7 35. Bxd4 Nh5 36. Qf2 Qe6 37. c3 Rcd8 38. Bb1 Kg7 39. Ba2 Qg4 40. Qf3 Qxh4 41. e5 Bxf3 0-1


[Site "https://www.chess.com"]

[Event "Titled Tuesday Blitz April 18 Late 2023"]
[White "Bazeev, German"]
[Black "Moussard, Jules"]
[WhiteFideId "24119350"]
[BlackFideId "642908"]
[WhiteElo "2466"]
[BlackElo "2610"]
[Result "0-1"]
[Round "06"]
[TimeControl "180+2"]
[Date "2023.04.18"]
[WhiteClock "0:02:45"]
[BlackClock "0:03:00"]

1. c4 Nf6 2. Nc3 g6 3. g3 Bg7 4. Bg2 c6 5. e4 d6 6. d4 O-O 7. Nge2 Nbd7 8. h3 e5 9. d5 c5 10. O-O Kh8 11. Be3 Ng8 12. Qd2 f5 13. f4 exf4 14. Nxf4 Ne5 15. Ne6 Bxe6 16. dxe6 Nxc4 0-1


[Site "https://www.chess.com"]

[Event "Titled Tuesday Blitz April 18 Late 2023"]
[White "Svane, Rasmus"]
[Black "Spata, German"]
[WhiteFideId "4657101"]
[BlackFideId "113026"]
[WhiteElo "2597"]
[BlackElo "2238"]
[Result "1-0"]
[Round "06"]
[TimeControl "180+2"]
[Date "2023.04.18"]
[WhiteClock "0:02:19"]
[BlackClock "0:00:50"]

1. Nf3 Nf6 2. g3 d5 3. Bg2 c6 4. O-O Bf5 5. c4 e6 6. Qb3 Qb6 7. d3 Nbd7 8. cxd5 cxd5 9. Qxb6 Nxb6 10. Nc3 Be7 11. Nb5 O-O 12. Bf4 a6 13. Nd6 Bxd6 14. Bxd6 Rfc8 15. Nd4 Bg6 16. f4 Ne8 17. Ba3 h5 18. Rac1 Rxc1 19. Rxc1 Rc8 20. Rxc8 Nxc8 21. f5 Bxf5 22. Nxf5 exf5 23. Bxd5 Ned6 24. e4 fxe4 25. dxe4 b5 26. b3 a5 27. Bc5 b4 28. e5 Nb5 29. e6 fxe6 30. Bxe6+ Kh7 31. Bxc8 Nc3 32. Bb6 1-0


[Site "https://www.chess.com"]